[Event "56th Rubinstein Memorial A 2020"]
[Site "Polanica Zdroj"]
[Date "2020.08.16"]
[Round "2.26"]
[White "Topola, Rafal"]
[Black "Mirowska, Oliwia"]
[Result "1/2-1/2"]
[ECO "B12"]
[WhiteElo "1808"]
[BlackElo "1898"]
[Annotator "NA"]
[PlyCount "63"]
[EventDate "2020.08.15"]
[EventType "swiss"]
[EventCountry "POL"]
[SourceTitle "playchess.com"]
[Source "ChessBase"]
[SourceQuality "1"]
[TimeControl "40/5400+30:1800+30"]

1. e4 c6 2. d4 g6 3. Nc3 Bg7 4. Nf3 d5 5. Bf4 Qb6 6. a3 Bg4 7. e5 Nh6 8. Bxh6 Bxh6 9. Be2 Nd7 10. O-O O-O 11. b4 Qc7 12. h3 Bxf3 13. Bxf3 e6 14. Be2 b6 15. f4 a6 16. Na4 c5 17. c3 Rfc8 18. g4 cxd4 19. cxd4 Qc2 20. g5 Bf8 21. Qxc2 Rxc2 22. Bd3 Rcc8 23. Rfc1 b5 24. Rxc8 Rxc8 25. Nc5 Bxc5 26. bxc5 Nb8 27. Kf2 Kg7 28. a4 b4 29. a5 Rc7 30. Rb1 Rb7 31. Ke3 Kf8 32. Rb3 1/2-1/2

[Event "56th Rubinstein Memorial A 2020"]
[Site "Polanica Zdroj"]
[Date "2020.08.16"]
[Round "2.27"]
[White "Dytman, Radoslaw"]
[Black "Galant, Ireneusz"]
[Result "0-1"]
[ECO "A22"]
[WhiteElo "1867"]
[BlackElo "1803"]
[Annotator "NA"]
[PlyCount "144"]
[EventDate "2020.08.15"]
[EventType "swiss"]
[EventCountry "POL"]
[SourceTitle "playchess.com"]
[Source "ChessBase"]
[SourceQuality "1"]
[TimeControl "40/5400+30:1800+30"]

1. c4 e5 2. Nc3 Nf6 3. g3 Bb4 4. Bg2 Bxc3 5. dxc3 h6 6. Nf3 d6 7. O-O O-O 8. h3 a5 9. Be3 Qe7 10. a4 c6 11. Qc2 Nh7 12. Nh4 Qe6 13. Be4 f5 14. Nxf5 Rxf5 15. g4 Rf6 16. Bxh7+ Kh8 17. Bf5 Qe8 18. Be4 Be6 19. Qd3 Na6 20. Rad1 Rd8 21. Bg2 Rd7 22. b3 d5 23. cxd5 Bxd5 24. c4 Be6 25. Qe4 Rxd1 26. Rxd1 Bg8 27. f4 Re6 28. f5 Re7 29. g5 Qh5 30. Qg4 Qxg4 31. hxg4 hxg5 32. Kf2 g6 33. fxg6 Kg7 34. Bxg5 Re6 35. Be4 Nc5 36. Bf5 Re8 37. Be3 Nxb3 38. Rd7+ Kf6 39. Rd6+ Ke7 40. Rd7+ Kf6 41. Rxb7 Bxc4 42. Bc2 Nd4 43. g5+ Ke6 44. Bxd4 exd4 45. g7 Kd6 46. Bd3 Bd5 47. Ra7 c5 48. Ra6+ Kc7 49. Rxa5 Kb6 50. Rb5+ Kc6 51. Rb1 Re7 52. Bb5+ Kd6 53. g8=Q Bxg8 54. Rh1 c4 55. Rc1 Kc5 56. Ke1 Rg7 57. Kd2 Rxg5 58. Rc2 Rg2 59. Ke1 Kb4 60. Kf1 Rg5 61. Rc1 Bd5 62. Kf2 Rg2+ 63. Kf1 Rh2 64. Ke1 Rh1+ 65. Kd2 c3+ 66. Kc2 Be4+ 67. Bd3 Bxd3+ 68. exd3 Rh2+ 69. Kb1 Rd2 70. Rc2 Rxd3 71. Ra2 Rd1+ 72. Kc2 Rd2+ 0-1

[Event "56th Rubinstein Memorial A 2020"]
[Site "Polanica Zdroj"]
[Date "2020.08.17"]
[Round "3.2"]
[White "Lukasiewicz, Krzysztof"]
[Black "Chomczyk, Marek"]
[Result "1-0"]
[ECO "A45"]
[WhiteElo "2343"]
[BlackElo "2221"]
[Annotator "ChessBase"]
[PlyCount "69"]
[EventDate "2020.08.15"]
[EventType "swiss"]
[EventCountry "POL"]
[SourceTitle "playchess.com"]
[Source "ChessBase"]
[SourceQuality "1"]
[TimeControl "40/5400+30:1800+30"]

1. d4 Nf6 2. Bf4 d5 3. e3 c5 4. Nf3 Nc6 5. Nbd2 e6 6. c3 Be7 7. Ne5 Nxe5 8. dxe5 Nd7 9. Bd3 g5 10. Bg3 h5 11. f4 c4 12. Bc2 Qb6 13. O-O h4 14. Bf2 h3 15. b3 hxg2 16. Kxg2 Nc5 17. e4 Qc6 18. fxg5 Bd7 19. Be3 Nd3 20. Qf3 Nxe5 21. Qf4 Bd6 22. exd5 Qc7 23. Ne4 O-O-O 24. Bd4 f6 25. gxf6 Rh5 26. Rae1 Rg8+ 27. Kh1 Nf7 28. Nxd6+ Nxd6 29. Be5 Qa5 30. Bxd6 Qxd5+ 31. Be4 Bc6 32. f7 Rxh2+ 33. Qxh2 Qxe4+ 34. Rxe4 Bxe4+ 35. Qg2 1-0

[Event "56th Rubinstein Memorial A 2020"]
[Site "Polanica Zdroj"]
[Date "2020.08.17"]
[Round "3.3"]
[White "Zochowski, Kacper"]
[Black "Vanduyfhuys, Daria"]
[Result "1-0"]
[ECO "B33"]
[WhiteElo "2278"]
[BlackElo "1985"]
[Annotator "ChessBase"]
[PlyCount "93"]
[EventDate "2020.08.15"]
[EventType "swiss"]
[EventCountry "POL"]
[SourceTitle "playchess.com"]
[Source "ChessBase"]
[SourceQuality "1"]
[TimeControl "40/5400+30:1800+30"]

1. e4 c5 2. Nc3 Nc6 3. Nge2 Nf6 4. d4 cxd4 5. Nxd4 e5 6. Ndb5 d6 7. Bg5 a6 8. Na3 b5 9. Bxf6 gxf6 10. Nd5 f5 11. g3 fxe4 12. Bg2 Bf5 13. f3 Bg7 14. fxe4 Be6 15. O-O O-O 16. c3 Ne7 17. Nxe7+ Qxe7 18. Nc2 a5 19. Kh1 Bh6 20. h4 f6 21. Kh2 Kh8 22. Bh3 Rad8 23. Bxe6 Qxe6 24. Qh5 Kg7 25. Qf5 Qxf5 26. exf5 d5 27. Rfd1 Rd7 28. Rd3 Kf7 29. Rad1 Rfd8 30. Kg2 Ke7 31. Re1 Kd6 32. Ne3 Bxe3 33. Rexe3 h5 34. Kh3 e4 35. Rxe4 Kc5 36. Re6 Rd6 37. Rxd6 Rxd6 38. g4 hxg4+ 39. Kxg4 b4 40. Kh5 bxc3 41. bxc3 Kc4 42. Rh3 d4 43. cxd4 Kxd4 44. Kg6 Ke5 45. h5 Rd8 46. h6 Rg8+ 47. Kf7 1-0

[Event "56th Rubinstein Memorial A 2020"]
[Site "Polanica Zdroj"]
[Date "2020.08.17"]
[Round "3.12"]
[White "Rogacewicz, Mikolaj"]
[Black "Marszalek, Maciej"]
[Result "0-1"]
[ECO "A64"]
[WhiteElo "1970"]
[BlackElo "2315"]
[Annotator "ChessBase"]
[PlyCount "44"]
[EventDate "2020.08.15"]
[EventType "swiss"]
[EventCountry "POL"]
[SourceTitle "playchess.com"]
[Source "ChessBase"]
[SourceQuality "1"]
[TimeControl "40/5400+30:1800+30"]

1. d4 Nf6 2. c4 e6 3. g3 c5 4. d5 exd5 5. cxd5 d6 6. Nc3 g6 7. Bg2 Bg7 8. Nf3 O-O 9. O-O Re8 10. Nd2 a6 11. a4 Nbd7 12. h3 Rb8 13. Nc4 Ne5 14. Na3 Nh5 15. e4 Bd7 16. a5 b5 17. g4 b4 18. gxh5 bxa3 19. b3 Qh4 20. Rxa3 Bxh3 21. f3 Ng4 22. fxg4 Bd4+ 0-1

[Event "56th Rubinstein Memorial A 2020"]
[Site "Polanica Zdroj"]
[Date "2020.08.17"]
[Round "3.17"]
[White "Kazmierowski, Tymon"]
[Black "Balinski, Damian"]
[Result "0-1"]
[ECO "B09"]
[WhiteElo "1844"]
[BlackElo "2136"]
[Annotator "RC"]
[PlyCount "54"]
[EventDate "2020.08.15"]
[EventType "swiss"]
[EventCountry "POL"]
[SourceTitle "playchess.com"]
[Source "ChessBase"]
[SourceQuality "1"]
[TimeControl "40/5400+30:1800+30"]

1. e4 d6 2. d4 Nf6 3. Nc3 g6 4. f4 Bg7 5. Nf3 O-O 6. Be3 b6 7. Qd2 Bb7 8. Bd3 c5 9. O-O-O Nbd7 10. d5 a6 11. e5 Nxd5 12. Nxd5 Bxd5 13. Be2 Bc6 14. e6 fxe6 15. Ng5 Rf6 16. Nxe6 Rxe6 17. Bc4 Nf8 18. f5 gxf5 19. Bxe6+ Nxe6 20. Rde1 Qd7 21. Qd3 Be4 22. Qb3 b5 23. Bd2 d5 24. Qh3 b4 25. Rhf1 Rf8 26. Qh4 Nd4 27. Rf3 Qa4 0-1

[Event "56th Rubinstein Memorial A 2020"]
[Site "Polanica Zdroj"]
[Date "2020.08.18"]
[Round "4.3"]
[White "Cukrowski, Filip"]
[Black "Golecki, Jan"]
[Result "1/2-1/2"]
[ECO "C68"]
[WhiteElo "2419"]
[BlackElo "2106"]
[Annotator "ChessBase"]
[PlyCount "128"]
[EventDate "2020.08.15"]
[EventType "swiss"]
[EventCountry "POL"]
[SourceTitle "playchess.com"]
[Source "ChessBase"]
[SourceQuality "1"]
[TimeControl "40/5400+30:1800+30"]

1. e4 e5 2. Nf3 Nc6 3. Bb5 a6 4. Bxc6 dxc6 5. O-O Bg4 6. h3 h5 7. d3 Qf6 8. Be3 Bxf3 9. Qxf3 Qxf3 10. gxf3 Bd6 11. Nd2 Ne7 12. Rfb1 a5 13. a4 Nc8 14. Nc4 c5 15. Bd2 b6 16. Kh2 f6 17. Rg1 Kf7 18. Rae1 Be7 19. f4 Nd6 20. fxe5 Nxc4 21. dxc4 fxe5 22. Bc3 Bf6 23. Ref1 g5 24. f3 Rag8 25. Kg3 Ke6 26. Rh1 Rg6 27. Kf2 Rhg8 28. Rfg1 R8g7 29. Bd2 g4 30. hxg4 hxg4 31. Rxg4 Rxg4 32. fxg4 Rxg4 33. Kf3 Rg7 34. Rh6 Ke7 35. Be3 Bg5 36. Rh5 Kf6 37. Bxg5+ Rxg5 38. Rh7 Ke6 39. Rxc7 Kd6 40. Rb7 Kc6 41. Re7 Kd6 42. Re8 Rg1 43. Rd8+ Kc6 44. Rd2 Rg6 45. Rd5 Rg5 46. b3 Kc7 47. Ke3 Rg3+ 48. Kd2 Rg5 49. Kc1 Rh5 50. Kb2 Rg5 51. Kc3 Rh5 52. Rd3 Rh4 53. Re3 Kd6 54. Kd3 Rh6 55. Rg3 Ke6 56. Rg7 Kd6 57. Rf7 Rh3+ 58. Ke2 Rh2+ 59. Rf2 Rh6 60. Kf3 Rg6 61. Rg2 Rf6+ 62. Ke3 Rh6 63. Rg3 Kc6 64. Kf2 Rh2+ 1/2-1/2

[Event "56th Rubinstein Memorial A 2020"]
[Site "Polanica Zdroj"]
[Date "2020.08.18"]
[Round "4.3"]
[White "Jedynak, January"]
[Black "Mirowska, Oliwia"]
[Result "1/2-1/2"]
[ECO "B06"]
[WhiteElo "1887"]
[BlackElo "1898"]
[Annotator "NA RC"]
[PlyCount "81"]
[EventDate "2020.08.15"]
[EventType "swiss"]
[EventCountry "POL"]
[TimeControl "40/5400+30:1800+30"]

1. e4 d6 2. d4 g6 3. Nc3 Bg7 4. Nf3 a6 5. h3 b5 6. Be3 Nd7 7. a4 b4 8. Bc4 e6 9. Ne2 Ne7 10. Qd2 Rb8 11. Bh6 Bf6 12. Rd1 Nc6 13. O-O Rg8 14. Qf4 g5 15. Qg4 Rg6 16. Qh5 Qe7 17. Ng3 Na5 18. Bd3 e5 19. Nf5 Qd8 20. dxe5 Nxe5 21. Nxe5 Bxe5 22. f4 gxf4 23. Bxf4 Bxf4 24. Rxf4 Qg5 25. Qf3 Nc6 26. h4 Qd8 27. Qh5 Ne5 28. Qxh7 Kd7 29. h5 Rxg2+ 30. Kxg2 Qg5+ 31. Ng3 Qxf4 32. Rf1 Qg4 33. h6 Kc6 34. Qg7 Qh3+ 35. Kf2 Ng4+ 36. Kf3 Ne5+ 37. Kf2 Ng4+ 38. Ke2 Qxg3 39. h7 Qg2+ 40. Ke1 Qg3+ 41. Ke2 1/2-1/2

[Event "56th Rubinstein Memorial A 2020"]
[Site "Polanica Zdroj"]
[Date "2020.08.18"]
[Round "4.4"]
[White "Goluch, Piotr"]
[Black "Butkiewicz, Lukasz"]
[Result "1/2-1/2"]
[ECO "E04"]
[WhiteElo "2376"]
[BlackElo "2400"]
[Annotator "ChessBase"]
[PlyCount "83"]
[EventDate "2020.08.15"]
[EventType "swiss"]
[EventCountry "POL"]
[SourceTitle "playchess.com"]
[Source "ChessBase"]
[SourceQuality "1"]
[TimeControl "40/5400+30:1800+30"]

1. d4 Nf6 2. c4 e6 3. Nf3 d5 4. g3 dxc4 5. Bg2 Bb4+ 6. Bd2 a5 7. O-O O-O 8. Bg5 b5 9. a4 c6 10. Ne5 Ra6 11. Nc3 Rb6 12. e4 Be7 13. Be3 b4 14. Ne2 Ba6 15. Re1 Nfd7 16. f4 Nxe5 17. fxe5 Nd7 18. d5 cxd5 19. exd5 Nxe5 20. Nf4 Rd6 21. Qh5 Nd3 22. Be4 f5 23. Bxd3 cxd3 24. Bc5 Rxd5 25. Bxe7 Qxe7 26. Nxd5 Qc5+ 27. Re3 Qxd5 28. Qf3 Qxf3 29. Rxf3 Rc8 30. Rf2 e5 31. Rd2 Kf7 32. Kf2 Ke6 33. Ke3 g5 34. h4 gxh4 35. Rh1 hxg3 36. Rh6+ Kd5 37. Rxa6 e4 38. Rxa5+ Ke6 39. Ra6+ Ke5 40. Ra5+ Ke6 41. Ra6+ Ke5 42. Ra5+ 1/2-1/2

[Event "56th Rubinstein Memorial A 2020"]
[Site "Polanica Zdroj"]
[Date "2020.08.18"]
[Round "4.4"]
[White "Dytman, Radoslaw"]
[Black "Kowalczyk, Wojciech"]
[Result "1/2-1/2"]
[ECO "B24"]
[WhiteElo "1867"]
[BlackElo "1873"]
[Annotator "NA RC"]
[PlyCount "81"]
[EventDate "2020.08.15"]
[EventType "swiss"]
[EventCountry "POL"]
[TimeControl "40/5400+30:1800+30"]

1. e4 c5 2. Nc3 Nc6 3. g3 g6 4. Bg2 Bg7 5. d3 e6 6. Be3 d6 7. Qd2 Rb8 8. Nge2 b5 9. O-O b4 10. Nd1 Nd4 11. Nc1 Ne7 12. c3 Ndc6 13. Bh6 O-O 14. Bxg7 Kxg7 15. Ne3 Qb6 16. f4 f5 17. Ne2 Ba6 18. c4 Bb7 19. b3 Nd4 20. Nc2 Nec6 21. Ncxd4 Nxd4 22. Nxd4 cxd4 23. Rfe1 Rfe8 24. e5 d5 25. Rac1 Rbc8 26. Rc2 dxc4 27. Rxc4 Rxc4 28. dxc4 Bxg2 29. Qxg2 Rd8 30. Rd1 a5 31. Rd3 Kf7 32. Qh3 Kg7 33. Qh4 Rd7 34. Qh3 h5 35. Qg2 a4 36. bxa4 Qc5 37. Qc2 Rc7 38. a5 Qxa5 39. Rxd4 Ra7 40. Rd2 Qc5+ 41. Kg2 1/2-1/2

[Event "56th Rubinstein Memorial A 2020"]
[Site "Polanica Zdroj"]
[Date "2020.08.18"]
[Round "4.5"]
[White "Kucza, Karol"]
[Black "Luch, Michal"]
[Result "1/2-1/2"]
[ECO "B38"]
[WhiteElo "2245"]
[BlackElo "2409"]
[Annotator "ChessBase"]
[PlyCount "77"]
[EventDate "2020.08.15"]
[EventType "swiss"]
[EventCountry "POL"]
[SourceTitle "playchess.com"]
[Source "ChessBase"]
[SourceQuality "1"]
[TimeControl "40/5400+30:1800+30"]

1. e4 c5 2. Nf3 Nc6 3. d4 cxd4 4. Nxd4 g6 5. c4 Bg7 6. Be3 Nf6 7. Nc3 d6 8. Be2 O-O 9. Qd2 Bd7 10. Rc1 Nxd4 11. Bxd4 Bc6 12. f3 a5 13. b3 Nd7 14. Be3 Nc5 15. O-O e6 16. Bd1 Be5 17. a3 a4 18. Nxa4 Nxa4 19. bxa4 Bxa4 20. f4 Bf6 21. c5 dxc5 22. Qxd8 Rfxd8 23. Bxc5 Bd4+ 24. Bxd4 Rxd4 25. Bxa4 Raxa4 26. f5 exf5 27. exf5 gxf5 28. Rc7 Rxa3 29. Rxb7 Rd2 30. Rxf5 Ra1+ 31. Rf1 Raa2 32. Rfxf7 Rxg2+ 33. Kf1 Rxh2 34. Rg7+ Kh8 35. Kg1 Rab2 36. Rxh7+ Rxh7 37. Rxb2 Rg7+ 38. Rg2 Rxg2+ 39. Kxg2 1/2-1/2

[Event "56th Rubinstein Memorial A 2020"]
[Site "Polanica Zdroj"]
[Date "2020.08.18"]
[Round "4.6"]
[White "Luba, Lukasz"]
[Black "Sabuk, Piotr"]
[Result "0-1"]
[ECO "A00"]
[WhiteElo "2188"]
[BlackElo "2377"]
[Annotator "ChessBase"]
[PlyCount "68"]
[EventDate "2020.08.15"]
[EventType "swiss"]
[EventCountry "POL"]
[SourceTitle "playchess.com"]
[Source "ChessBase"]
[SourceQuality "1"]
[TimeControl "40/5400+30:1800+30"]

1. e3 e5 2. c4 Nf6 3. b3 d5 4. Bb2 d4 5. e4 Nc6 6. d3 Bd6 7. Be2 O-O 8. Nd2 Nd7 9. g4 Nc5 10. a3 a5 11. Nf1 Ra6 12. Bc1 Rb6 13. Rb1 Qe7 14. Qc2 Ne6 15. Ra1 g6 16. Ng3 Nf4 17. Bf3 a4 18. bxa4 Bd7 19. N1e2 Na5 20. c5 Bxc5 21. Bxf4 exf4 22. Nxf4 c6 23. O-O Bd6 24. Nfe2 c5 25. Rfb1 Ra6 26. Re1 Nc6 27. Rab1 Ne5 28. Bg2 c4 29. Nxd4 cxd3 30. Qd2 Rxa4 31. Nb3 Rxa3 32. f4 Bb4 33. Qd1 Bxg4 34. Qc1 Rxb3 0-1

[Event "56th Rubinstein Memorial A 2020"]
[Site "Polanica Zdroj"]
[Date "2020.08.18"]
[Round "4.7"]
[White "Marszalek, Maciej"]
[Black "Fiedorek, Michal"]
[Result "1/2-1/2"]
[ECO "A49"]
[WhiteElo "2315"]
[BlackElo "2212"]
[Annotator "ChessBase"]
[PlyCount "42"]
[EventDate "2020.08.15"]
[EventType "swiss"]
[EventCountry "POL"]
[SourceTitle "playchess.com"]
[Source "ChessBase"]
[SourceQuality "1"]
[TimeControl "40/5400+30:1800+30"]

1. d4 Nf6 2. Nf3 g6 3. g3 Bg7 4. Bg2 O-O 5. O-O d6 6. b3 b5 7. Bb2 Bb7 8. Nbd2 Nbd7 9. c4 bxc4 10. Nxc4 a5 11. Rc1 c5 12. dxc5 Nxc5 13. Bd4 Ncd7 14. Bc3 Ra6 15. a4 Qa8 16. Na3 Rc8 17. Bxf6 Rxc1 18. Qxc1 Bxf6 19. Nb5 Rc6 20. Qd2 Rc5 21. Rb1 Be4 1/2-1/2

[Event "56th Rubinstein Memorial A 2020"]
[Site "Polanica Zdroj"]
[Date "2020.08.18"]
[Round "4.7"]
[White "Topola, Rafal"]
[Black "Wojcik, Wieslaw"]
[Result "1/2-1/2"]
[ECO "B32"]
[WhiteElo "1808"]
[BlackElo "1863"]
[Annotator "NA RC"]
[PlyCount "77"]
[EventDate "2020.08.15"]
[EventType "swiss"]
[EventCountry "POL"]
[SourceTitle "playchess.com"]
[Source "ChessBase"]
[SourceQuality "1"]
[TimeControl "40/5400+30:1800+30"]

1. e4 c5 2. Nf3 Nc6 3. d4 cxd4 4. Nxd4 e5 5. Nb5 d6 6. N1c3 a6 7. Na3 b5 8. Nd5 Nf6 9. Bg5 Be7 10. Bxf6 Bxf6 11. c3 Bg5 12. g3 h5 13. h4 Bh6 14. Be2 g6 15. Nc2 Rb8 16. a4 bxa4 17. Ncb4 Nxb4 18. Nxb4 Rb6 19. Qxa4+ Kf8 20. Qc2 Bb7 21. O-O Qc8 22. Nd5 Bxd5 23. exd5 g5 24. Ra4 gxh4 25. Rxh4 Bg5 26. Rxh5 Rxh5 27. Bxh5 f5 28. Ra1 e4 29. Be2 Qb7 30. b4 Qxd5 31. Ra5 Qe6 32. Bxa6 d5 33. Be2 f4 34. Qd1 fxg3 35. Qxd5 gxf2+ 36. Kxf2 Bh4+ 37. Kg2 Qxd5 38. Rxd5 Be1 39. Rf5+ 1/2-1/2

[Event "56th Rubinstein Memorial A 2020"]
[Site "Polanica Zdroj"]
[Date "2020.08.18"]
[Round "4.8"]
[White "Balinski, Damian"]
[Black "Sernecki, Franciszek"]
[Result "1-0"]
[ECO "E33"]
[WhiteElo "2136"]
[BlackElo "2243"]
[Annotator "ChessBase"]
[PlyCount "69"]
[EventDate "2020.08.15"]
[EventType "swiss"]
[EventCountry "POL"]
[SourceTitle "playchess.com"]
[Source "ChessBase"]
[SourceQuality "1"]
[TimeControl "40/5400+30:1800+30"]

1. d4 Nf6 2. c4 e6 3. Nc3 Bb4 4. Qc2 Nc6 5. Nf3 d6 6. Bd2 O-O 7. a3 Bxc3 8. Bxc3 Qe7 9. e3 e5 10. d5 Nb8 11. Nd2 Bg4 12. Bd3 Nbd7 13. b4 c6 14. f3 Bh5 15. e4 Bg6 16. Nf1 cxd5 17. cxd5 Nh5 18. Ne3 Rac8 19. Qd2 Qh4+ 20. Ke2 Nf4+ 21. Kf1 Nxd3 22. Qxd3 f5 23. exf5 e4 24. fxe4 Rxc3 25. Qxc3 Nf6 26. Kg1 Nxe4 27. Qe1 Qf4 28. fxg6 Re8 29. gxh7+ Kh8 30. Nf1 Nf6 31. Qf2 Qc4 32. Re1 Ne4 33. Qe3 Nf6 34. Qd2 Ne4 35. Qe2 1-0

[Event "56th Rubinstein Memorial A 2020"]
[Site "Polanica Zdroj"]
[Date "2020.08.18"]
[Round "4.9"]
[White "Vanduyfhuys, Daria"]
[Black "Dahl, Christoph"]
[Result "0-1"]
[ECO "E91"]
[WhiteElo "1985"]
[BlackElo "2228"]
[Annotator "ChessBase"]
[PlyCount "166"]
[EventDate "2020.08.15"]
[EventType "swiss"]
[EventCountry "POL"]
[SourceTitle "playchess.com"]
[Source "ChessBase"]
[SourceQuality "1"]
[TimeControl "40/5400+30:1800+30"]

1. d4 Nf6 2. c4 g6 3. Nc3 Bg7 4. e4 d6 5. Nf3 O-O 6. Be2 c5 7. d5 e6 8. dxe6 Bxe6 9. Bf4 Qb6 10. Qb3 Rd8 11. Rd1 Nc6 12. O-O Ne8 13. Nb5 Na5 14. Qa4 a6 15. Nc3 Nc6 16. Nd5 Bxd5 17. exd5 Nd4 18. Nxd4 Bxd4 19. Qc2 Nf6 20. b3 Re8 21. Bf3 Be5 22. Bg5 Qa5 23. g3 Kg7 24. Rfe1 Bc3 25. Re3 Bd4 26. Re2 Nd7 27. Bg2 Ne5 28. Rde1 f6 29. Bd2 Qc7 30. Bc3 Qd7 31. Bxd4 cxd4 32. Qd2 d3 33. Re3 b5 34. cxb5 axb5 35. h3 Qa7 36. Kf1 Kf8 37. f4 Nd7 38. Qxd3 Rxe3 39. Rxe3 Qxa2 40. Qxb5 Qd2 41. Re2 Ra1+ 42. Kf2 Qd4+ 43. Kf3 Rc1 44. Re3 Rc5 45. Qe2 Qxd5+ 46. Kf2 Qd4 47. b4 Rc3 48. b5 Nb6 49. Kf3 Rxe3+ 50. Qxe3 Qd5+ 51. Kf2 Qxb5 52. Qe6 Qc5+ 53. Kf1 Qd4 54. Bc6 Qd1+ 55. Qe1 Qxe1+ 56. Kxe1 Ke7 57. Kd2 d5 58. Kd3 Kd6 59. Be8 Nd7 60. Kd4 Nc5 61. Bb5 Ne6+ 62. Ke3 Kc5 63. Bd7 Ng7 64. g4 Kc4 65. Kd2 Kd4 66. Bc6 Ne6 67. f5 gxf5 68. gxf5 Ng7 69. Bd7 Ke4 70. Be6 Nxf5 71. Bg8 h5 72. Bh7 Kf4 73. Kd3 h4 74. Bg6 Ke5 75. Bh5 Nd4 76. Bg4 f5 77. Bh5 Ne6 78. Bf3 Nf4+ 79. Ke3 Nxh3 80. Bg2 d4+ 81. Kd2 Ng5 82. Bh1 Ne4+ 83. Ke1 h3 0-1

[Event "56th Rubinstein Memorial A 2020"]
[Site "Polanica Zdroj"]
[Date "2020.08.18"]
[Round "4.10"]
[White "Chomczyk, Marek"]
[Black "Hasterok, Mateusz"]
[Result "1/2-1/2"]
[ECO "A45"]
[WhiteElo "2221"]
[BlackElo "2056"]
[Annotator "ChessBase"]
[PlyCount "114"]
[EventDate "2020.08.15"]
[EventType "swiss"]
[EventCountry "POL"]
[SourceTitle "playchess.com"]
[Source "ChessBase"]
[SourceQuality "1"]
[TimeControl "40/5400+30:1800+30"]

1. d4 Nf6 2. Bg5 d5 3. Bxf6 exf6 4. e3 Bd6 5. g3 O-O 6. Bg2 c6 7. Ne2 Bf5 8. Nd2 Na6 9. O-O Nc7 10. c4 Bg6 11. Qb3 dxc4 12. Nxc4 Rb8 13. Rac1 Re8 14. Nc3 Bf8 15. Rfd1 Bh5 16. Rd2 Nd5 17. Nxd5 cxd5 18. Na3 Qa5 19. Rdc2 Bg6 20. Rc7 Red8 21. Rxb7 Rbc8 22. Rf1 Bxa3 23. bxa3 Rc3 24. Rxa7 Qxa7 25. Qxc3 h5 26. h4 Bf5 27. Qc5 Qa8 28. a4 Be6 29. a5 Rc8 30. Qa3 Qa6 31. Rb1 Qe2 32. a6 Rc2 33. Rf1 Rxa2 34. Qb3 Qxa6 35. Bxd5 Bxd5 36. Qxd5 g6 37. Kg2 Ra1 38. Rxa1 Qxa1 39. Qc6 Kg7 40. d5 g5 41. hxg5 fxg5 42. d6 Qd1 43. e4 h4 44. e5 hxg3 45. d7 gxf2 46. Qf6+ Kh7 47. Qxf7+ Kh6 48. Qf6+ Kh5 49. Qf7+ Kh6 50. Qe6+ Kh5 51. Qh3+ Kg6 52. Kxf2 Qd2+ 53. Kg1 Qd4+ 54. Kh1 Qd5+ 55. Kg1 Qd4+ 56. Kf1 Qd1+ 57. Kg2 Qd2+ 1/2-1/2

[Event "56th Rubinstein Memorial A 2020"]
[Site "Polanica Zdroj"]
[Date "2020.08.18"]
[Round "4.11"]
[White "Polak, Michal"]
[Black "Bronowicki, Mateusz"]
[Result "1/2-1/2"]
[ECO "B06"]
[WhiteElo "1878"]
[BlackElo "2275"]
[Annotator "ChessBase"]
[PlyCount "48"]
[EventDate "2020.08.15"]
[EventType "swiss"]
[EventCountry "POL"]
[SourceTitle "playchess.com"]
[Source "ChessBase"]
[SourceQuality "1"]
[TimeControl "40/5400+30:1800+30"]

1. e4 g6 2. d4 c6 3. c3 d6 4. Nf3 Bg7 5. Nbd2 Nd7 6. Bc4 e5 7. Bb3 b5 8. a4 Ngf6 9. Qe2 a6 10. axb5 cxb5 11. O-O O-O 12. Bc2 Re8 13. Nb3 exd4 14. Nfxd4 Bb7 15. f3 Rc8 16. Qf2 d5 17. exd5 Nxd5 18. Bd2 Ne5 19. Na5 Ba8 20. Be4 f5 21. Bc2 Nb6 22. Rfe1 Nec4 23. Rxe8+ Qxe8 24. Bb3 Qd8 1/2-1/2

[Event "56th Rubinstein Memorial A 2020"]
[Site "Polanica Zdroj"]
[Date "2020.08.18"]
[Round "4.12"]
[White "Grzesik, Norbert"]
[Black "Pultinevicius, Paulius"]
[Result "0-1"]
[ECO "B12"]
[WhiteElo "1980"]
[BlackElo "2512"]
[Annotator "ChessBase"]
[PlyCount "64"]
[EventDate "2020.08.15"]
[EventType "swiss"]
[EventCountry "POL"]
[SourceTitle "playchess.com"]
[Source "ChessBase"]
[SourceQuality "1"]
[TimeControl "40/5400+30:1800+30"]

1. e4 c6 2. d4 d5 3. e5 Bf5 4. Nf3 e6 5. Be2 Nd7 6. O-O h6 7. Be3 Ne7 8. Nbd2 Qc7 9. c4 dxc4 10. Nxc4 Nd5 11. Rc1 Be7 12. h3 O-O 13. g4 Be4 14. Bd3 Bxd3 15. Qxd3 f5 16. exf6 Rxf6 17. Nfe5 Nxe5 18. Nxe5 Bd6 19. Qe4 Raf8 20. f4 Bxe5 21. fxe5 Rxf1+ 22. Rxf1 Rxf1+ 23. Kxf1 Qa5 24. Bc1 Qxa2 25. Qg6 Qc4+ 26. Kg2 Qxc1 27. Qxe6+ Kf8 28. Qc8+ Kf7 29. e6+ Kg6 30. e7 Qd2+ 31. Kh1 Qe1+ 32. Kh2 Nxe7 0-1

[Event "56th Rubinstein Memorial A 2020"]
[Site "Polanica Zdroj"]
[Date "2020.08.18"]
[Round "4.13"]
[White "Kasperek, Ryszard"]
[Black "Majocha, Piotr"]
[Result "0-1"]
[ECO "C18"]
[WhiteElo "2202"]
[BlackElo "1906"]
[Annotator "ChessBase"]
[PlyCount "58"]
[EventDate "2020.08.15"]
[EventType "swiss"]
[EventCountry "POL"]
[SourceTitle "playchess.com"]
[Source "ChessBase"]
[SourceQuality "1"]
[TimeControl "40/5400+30:1800+30"]

1. e4 e6 2. d4 d5 3. Nc3 Bb4 4. e5 c5 5. a3 Bxc3+ 6. bxc3 Ne7 7. Qg4 Qc7 8. Qxg7 Rg8 9. Qxh7 cxd4 10. Ne2 Nbc6 11. f4 Bd7 12. Qd3 dxc3 13. Nxc3 a6 14. h4 Nf5 15. Rh3 Na5 16. h5 O-O-O 17. Rb1 Nc4 18. Rb4 a5 19. Rb1 Qc5 20. a4 Bc6 21. h6 Rg6 22. h7 Rh8 23. Nb5 Rg7 24. Nd6+ Ncxd6 25. exd6 Rgxh7 26. Qc3 Qxc3+ 27. Rxc3 Nxd6 28. Rc5 Rh1 29. Bb2 Rxf1+ 0-1

[Event "56th Rubinstein Memorial A 2020"]
[Site "Polanica Zdroj"]
[Date "2020.08.18"]
[Round "4.14"]
[White "Antoniewicz, Jakub"]
[Black "Jaskolka, Tomasz"]
[Result "1/2-1/2"]
[ECO "A45"]
[WhiteElo "1806"]
[BlackElo "2196"]
[Annotator "ChessBase"]
[PlyCount "88"]
[EventDate "2020.08.15"]
[EventType "swiss"]
[EventCountry "POL"]
[SourceTitle "playchess.com"]
[Source "ChessBase"]
[SourceQuality "1"]
[TimeControl "40/5400+30:1800+30"]

1. d4 Nf6 2. g3 d5 3. Bg2 c6 4. Nf3 g6 5. c4 dxc4 6. a4 c5 7. O-O cxd4 8. Nxd4 Bg7 9. Nb5 Nfd7 10. Bf4 O-O 11. Bc7 Qe8 12. N1c3 Nc6 13. a5 Nc5 14. Bf4 Ne6 15. Nd5 Nxf4 16. gxf4 Rb8 17. Qc2 a6 18. Na3 Nxa5 19. Rfd1 Be6 20. Nxc4 Nxc4 21. Qxc4 Bxb2 22. Rab1 Bg7 23. Qc7 Bxd5 24. Bxd5 b5 25. Bb7 e5 26. f5 gxf5 27. Bxa6 b4 28. Bb7 Qb5 29. Rd7 b3 30. Bd5 Rbc8 31. Qb7 Qxe2 32. Rxf7 Qg4+ 33. Kh1 Kh8 34. Rg1 Rxf7 35. Qxc8+ Rf8 36. Qxf8+ Bxf8 37. Rxg4 fxg4 38. Bxb3 Kg7 39. Kg2 Kf6 40. Bc2 h5 41. h3 Kg5 42. f3 Kf4 43. hxg4 hxg4 44. fxg4 Kxg4 1/2-1/2